TOP OF THE 1ST |
Chicago White Sox batting - Pitching for Detroit Tigers : RHP Melvin Medellin
|
Pitching: RHP Melvin Medellin
|
|
Batting: LHB Sidney Pedder
|
0-0: Ball 1-0: Foul Ball, location: 2F 1-1: Swinging Strike 1-2: Strikes out swinging
|
Batting: SHB Cesar Herrera
|
0-0: Hit by Pitch
|
Batting: LHB Randy Rosenberry
|
0-0: Called Strike 0-1: Foul Ball, location: 2F 0-2: Ball 1-2: Ball 2-2: Ground out 4-3 (Groundball, 4, EV 103.1 MPH) Cesar Herrera to second
|
Batting: RHB Joseph Disepolo
|
0-0: Called Strike 0-1: Swinging Strike 0-2: Strikes out looking
|
Top of the 1st over - 0 runs, 0 hits, 0 errors, 1 left on base; Chicago 0 - Detroit 0 |
BOTTOM OF THE 1ST |
Detroit Tigers batting - Pitching for Chicago White Sox : RHP Xenophon Valvis
|
Pitching: RHP Xenophon Valvis
|
|
Batting: RHB Adrian Novakovic
|
0-0: Ball 1-0: Ball 2-0: Called Strike 2-1: Ball 3-1: Ground out 6-3 (Groundball, 6, EV 91.2 MPH)
|
Batting: RHB Victor Quinones
|
0-0: Ball 1-0: Ball 2-0: Foul Ball, location: 2F 2-1: Ball 3-1: Foul Ball, location: 2F 3-2: Foul Ball, location: 2F 3-2: Foul Ball, location: 2F 3-2: Strikes out swinging
|
Batting: RHB Jim Zucco
|
0-0: Foul Ball, location: 2F 0-1: Called Strike 0-2: Ground out 5-3 (Groundball, 56S, EV 86.9 MPH)
|
Bottom of the 1st over - 0 runs, 0 hits, 0 errors, 0 left on base; Chicago 0 - Detroit 0 |
TOP OF THE 2ND |
Chicago White Sox batting - Pitching for Detroit Tigers : RHP Melvin Medellin
|
Batting: SHB Junzo Kato
|
0-0: Ball 1-0: Foul Ball, location: 2F 1-1: Foul Ball, location: 2F 1-2: Foul Ball, location: 2F 1-2: Strikes out swinging
|
Batting: RHB Chris Cooper
|
0-0: Ball 1-0: Swinging Strike 1-1: Swinging Strike 1-2: Strikes out swinging, 2-3 out at first.
|
Batting: SHB Vince Ealy
|
0-0: Ball 1-0: Ground out 6-3 (Groundball, 6, EV 86.2 MPH)
|
Top of the 2nd over - 0 runs, 0 hits, 0 errors, 0 left on base; Chicago 0 - Detroit 0 |
BOTTOM OF THE 2ND |
Detroit Tigers batting - Pitching for Chicago White Sox : RHP Xenophon Valvis
|
Batting: LHB Morgan Black
|
0-0: Called Strike 0-1: Ball 1-1: Ball 2-1: Swinging Strike 2-2: Foul Ball, location: 2F 2-2: Strikes out swinging
|
Batting: RHB Ryan Neal
|
0-0: Swinging Strike 0-1: Ball 1-1: DOUBLE (Popup, 56D, EV 48.1 MPH)
|
Batting: RHB Dave Reynolds
|
0-0: Called Strike 0-1: Foul Ball, location: 2F 0-2: Ball 1-2: Strikes out swinging
|
Batting: RHB Greg Harman
|
0-0: Called Strike 0-1: Foul Ball, location: 2F 0-2: Ball 1-2: DOUBLE (Line Drive, 89XD, EV 109.4 MPH) Ryan Neal scores
|
Batting: LHB Emmanuel Gaskin
|
0-0: Ball 1-0: Ball 2-0: Ball 3-0: Called Strike 3-1: Foul Ball, location: 2F 3-2: Ground out 4-3 (Groundball, 4S, EV 75.6 MPH)
|
Bottom of the 2nd over - 1 run, 2 hits, 0 errors, 1 left on base; Chicago 0 - Detroit 1 |
TOP OF THE 3RD |
Chicago White Sox batting - Pitching for Detroit Tigers : RHP Melvin Medellin
|
Batting: RHB Steve Castleberry
|
0-0: Called Strike 0-1: Ball 1-1: Foul Ball, location: 2F 1-2: TRIPLE (Flyball, 78XD, EV 101.9 MPH)
|
Batting: RHB Dieter Knoops
|
0-0: Ball 1-0: Ball 2-0: SINGLE (Flyball, 8RS, EV 95.6 MPH) Steve Castleberry scores
|
Batting: LHB Sidney Pedder
|
0-0: Called Strike 0-1: Ball 1-1: Ball 2-1: Swinging Strike 2-2: Ball 3-2: SINGLE (Groundball, 34S, EV 71.9 MPH) (infield hit) Dieter Knoops to second
|
Batting: SHB Cesar Herrera
|
0-0: Ball 1-0: Ball 2-0: Ball 3-0: Foul Ball, location: 2F 3-1: Swinging Strike 3-2: Base on Balls Dieter Knoops to third Sidney Pedder to second
|
Batting: LHB Randy Rosenberry
|
0-0: Ball 1-0: Ball 2-0: Ball 3-0: Swinging Strike 3-1: Base on Balls Dieter Knoops scores Sidney Pedder to third Cesar Herrera to second
|
Batting: RHB Joseph Disepolo
|
0-0: Ball 1-0: Called Strike 1-1: Called Strike 1-2: Strikes out swinging
|
Batting: SHB Junzo Kato
|
0-0: Called Strike 0-1: Called Strike 0-2: Ball 1-2: Ball 2-2: Strikes out swinging
|
Batting: RHB Chris Cooper
|
0-0: Ball 1-0: Fielders Choice at 2nd, 6-4 (Groundball, 56, EV 87.5 MPH)
|
Top of the 3rd over - 2 runs, 3 hits, 0 errors, 3 left on base; Chicago 2 - Detroit 1 |
BOTTOM OF THE 3RD |
Detroit Tigers batting - Pitching for Chicago White Sox : RHP Xenophon Valvis
|
Batting: LHB Tyler Davis
|
0-0: Ball 1-0: Called Strike 1-1: Called Strike 1-2: Foul Ball, location: 2F 1-2: Foul Ball, location: 2F 1-2: Strikes out swinging
|
Batting: RHB Adrian Novakovic
|
0-0: Foul Ball, location: 2F 0-1: Ball 1-1: Ball 2-1: TRIPLE (Flyball, 8LXD, EV 104.4 MPH)
|
Batting: RHB Victor Quinones
|
0-0: Ball 1-0: Foul Ball, location: 2F 1-1: SINGLE (Groundball, 6S, EV 72.5 MPH) (infield hit) Adrian Novakovic scores
|
Batting: RHB Jim Zucco
|
0-0: Fly out, F8 (Line Drive, 89M, EV 109.4 MPH)
|
Batting: LHB Morgan Black
|
0-0: Swinging Strike 0-1: Ball 1-1: SINGLE (Line Drive, 4MD, EV 102.5 MPH) Victor Quinones to second
|
Batting: RHB Ryan Neal
|
0-0: Called Strike 0-1: Called Strike 0-2: Strikes out swinging
|
Bottom of the 3rd over - 1 run, 3 hits, 0 errors, 2 left on base; Chicago 2 - Detroit 2 |
TOP OF THE 4TH |
Chicago White Sox batting - Pitching for Detroit Tigers : RHP Melvin Medellin
|
Batting: SHB Vince Ealy
|
0-0: Called Strike 0-1: Ball 1-1: Called Strike 1-2: Ball 2-2: Foul Ball, location: 2F 2-2: SINGLE (Line Drive, 56D, EV 97.5 MPH)
|
Batting: RHB Steve Castleberry
|
0-0: Ball 1-0: Called Strike 1-1: SINGLE (Groundball, 6D, EV 104.4 MPH) Vince Ealy to second
|
Batting: RHB Dieter Knoops
|
0-0: Ball 1-0: Ball 2-0: Foul Ball, location: 2F 2-1: Ball 3-1: Base on Balls Vince Ealy to third Steve Castleberry to second
|
Batting: LHB Sidney Pedder
|
0-0: Foul Ball, location: 2F 0-1: Ball 1-1: Ball 2-1: Ball 3-1: DOUBLE (Line Drive, 9LS, EV 95.6 MPH) Vince Ealy scores Steve Castleberry scores Dieter Knoops to third
|
Batting: SHB Cesar Herrera
|
0-0: Foul Ball, location: 2F 0-1: Called Strike 0-2: Foul Ball, location: 2F 0-2: Strikes out looking
|
Batting: LHB Randy Rosenberry
|
0-0: Ball 1-0: Called Strike 1-1: Ball 2-1: Foul Ball, location: 2F 2-2: Foul Ball, location: 2F 2-2: Foul Ball, location: 2F 2-2: Ball 3-2: Base on Balls
|
Batting: RHB Joseph Disepolo
|
0-0: Ball 1-0: Ball 2-0: Swinging Strike 2-1: Foul Ball, location: 2F 2-2: Strikes out swinging
|
Batting: SHB Junzo Kato
|
0-0: Ball 1-0: Ball 2-0: Called Strike 2-1: Ball 3-1: Base on Balls Dieter Knoops scores Sidney Pedder to third Randy Rosenberry to second
|
Pitching: RHP Constantino Chamisso
|
|
Batting: RHB Chris Cooper
|
0-0: Ball 1-0: Ball 2-0: Ball 3-0: Called Strike 3-1: Called Strike 3-2: Base on Balls Sidney Pedder scores Randy Rosenberry to third Junzo Kato to second
|
Batting: SHB Vince Ealy
|
0-0: SINGLE (Line Drive, 89S, EV 93.8 MPH) Randy Rosenberry scores Junzo Kato to third Chris Cooper to second Runner from 3rd tries for Home, throw by RF and OUT! 9-2
|
Top of the 4th over - 5 runs, 4 hits, 0 errors, 2 left on base; Chicago 7 - Detroit 2 |
BOTTOM OF THE 4TH |
Detroit Tigers batting - Pitching for Chicago White Sox : RHP Xenophon Valvis
|
Batting: RHB Dave Reynolds
|
0-0: Called Strike 0-1: Called Strike 0-2: SINGLE (Groundball, 4S, EV 64.4 MPH) (infield hit)
|
Batting: RHB Greg Harman
|
0-0: Fly out, F6 (Line Drive, 56D, EV 71.9 MPH)
|
Batting: LHB Emmanuel Gaskin
|
0-0: Foul Ball, location: 2F 0-1: Ball 1-1: Swinging Strike 1-2: Strikes out swinging
|
Batting: LHB Tyler Davis
|
0-0: Called Strike 0-1: Ball 1-1: Fly out, F9 (Flyball, 89D, EV 94.4 MPH)
|
Bottom of the 4th over - 0 runs, 1 hit, 0 errors, 1 left on base; Chicago 7 - Detroit 2 |
TOP OF THE 5TH |
Chicago White Sox batting - Pitching for Detroit Tigers : RHP Constantino Chamisso
|
Batting: RHB Steve Castleberry
|
0-0: Ball 1-0: Ball 2-0: Called Strike 2-1: Swinging Strike 2-2: Foul Ball, location: 2F 2-2: Foul Ball, location: 2F 2-2: Foul Ball, location: 2F 2-2: Ground out 1-3 (Groundball, 13S, EV 60.0 MPH)
|
Batting: RHB Dieter Knoops
|
0-0: Ball 1-0: Foul Ball, location: 2F 1-1: Foul Ball, location: 2F 1-2: Foul Ball, location: 2F 1-2: Foul Ball, location: 2F 1-2: Fly out, F9 (Flyball, 89D, EV 102.5 MPH)
|
Batting: LHB Sidney Pedder
|
0-0: Fly out, F7 (Flyball, 7D, EV 98.8 MPH)
|
Top of the 5th over - 0 runs, 0 hits, 0 errors, 0 left on base; Chicago 7 - Detroit 2 |
BOTTOM OF THE 5TH |
Detroit Tigers batting - Pitching for Chicago White Sox : RHP Xenophon Valvis
|
Batting: RHB Adrian Novakovic
|
0-0: Ball 1-0: Called Strike 1-1: Ball 2-1: Called Strike 2-2: Foul Ball, location: 2F 2-2: Strikes out swinging
|
Batting: RHB Victor Quinones
|
0-0: Foul Ball, location: 2F 0-1: Foul Ball, location: 2F 0-2: Fly out, F8 (Flyball, 8LXD, EV 81.9 MPH)
|
Batting: RHB Jim Zucco
|
0-0: Ball 1-0: Ball 2-0: SOLO HOME RUN (Flyball, 7LD, EV 98.1 MPH), Distance : 372 ft
|
Batting: LHB Morgan Black
|
0-0: Ground out U3 (Groundball, 3, EV 79.4 MPH)
|
Bottom of the 5th over - 1 run, 1 hit, 0 errors, 0 left on base; Chicago 7 - Detroit 3 |
TOP OF THE 6TH |
Chicago White Sox batting - Pitching for Detroit Tigers : RHP Constantino Chamisso
|
Batting: SHB Cesar Herrera
|
0-0: Ball 1-0: Ball 2-0: Called Strike 2-1: Called Strike 2-2: Fly out, F8 (Flyball, 78D, EV 96.9 MPH)
|
Batting: LHB Randy Rosenberry
|
0-0: Fly out, F8 (Flyball, 8LM, EV 81.9 MPH)
|
Batting: RHB Joseph Disepolo
|
0-0: Ball 1-0: Foul Ball, location: 2F 1-1: Swinging Strike 1-2: Strikes out swinging
|
Top of the 6th over - 0 runs, 0 hits, 0 errors, 0 left on base; Chicago 7 - Detroit 3 |
BOTTOM OF THE 6TH |
Detroit Tigers batting - Pitching for Chicago White Sox : RHP Xenophon Valvis
|
Batting: RHB Ryan Neal
|
0-0: Ball 1-0: Foul Ball, location: 2F 1-1: Ground out 5-3 (Groundball, 5, EV 81.2 MPH)
|
Batting: RHB Dave Reynolds
|
0-0: Ball 1-0: Foul Ball, location: 2F 1-1: Ball 2-1: Ball 3-1: Foul Ball, location: 2F 3-2: SINGLE (Groundball, 6D, EV 103.1 MPH)
|
Batting: RHB Greg Harman
|
0-0: Swinging Strike 0-1: Ball 1-1: Foul Ball, location: 2F 1-2: Foul Ball, location: 2F 1-2: Strikes out swinging
|
Batting: LHB Emmanuel Gaskin
|
0-0: Fly out, F7 (Flyball, 78M, EV 92.5 MPH)
|
Bottom of the 6th over - 0 runs, 1 hit, 0 errors, 1 left on base; Chicago 7 - Detroit 3 |
TOP OF THE 7TH |
Chicago White Sox batting - Pitching for Detroit Tigers : RHP Constantino Chamisso
|
Batting: SHB Junzo Kato
|
0-0: Ball 1-0: Fly out, F2 (Popup, 23F, EV 93.8 MPH)
|
Batting: RHB Chris Cooper
|
0-0: Called Strike 0-1: Swinging Strike 0-2: Strikes out swinging
|
Batting: SHB Vince Ealy
|
0-0: Ground out 6-3 (Groundball, 6, EV 86.2 MPH)
|
Top of the 7th over - 0 runs, 0 hits, 0 errors, 0 left on base; Chicago 7 - Detroit 3 |
BOTTOM OF THE 7TH |
Detroit Tigers batting - Pitching for Chicago White Sox : RHP Xenophon Valvis
|
Batting: LHB Tyler Davis
|
0-0: Ball 1-0: Ball 2-0: Ground out U3 (Groundball, 3, EV 100.6 MPH)
|
Batting: RHB Adrian Novakovic
|
0-0: Ball 1-0: Called Strike 1-1: Ball 2-1: Swinging Strike 2-2: Strikes out swinging
|
Batting: RHB Victor Quinones
|
0-0: Ground out 2-3 (Groundball, 15S, EV 65.0 MPH)
|
Bottom of the 7th over - 0 runs, 0 hits, 0 errors, 0 left on base; Chicago 7 - Detroit 3 |
TOP OF THE 8TH |
Chicago White Sox batting - Pitching for Detroit Tigers : RHP Constantino Chamisso
|
Batting: RHB Steve Castleberry
|
0-0: Ground out 5-3 (Groundball, 5S, EV 65.0 MPH)
|
Batting: RHB Dieter Knoops
|
0-0: Ball 1-0: Ball 2-0: Called Strike 2-1: Foul Ball, location: 2F 2-2: Foul Ball, location: 2F 2-2: Strikes out looking
|
Batting: LHB Sidney Pedder
|
0-0: Foul Ball, location: 2F 0-1: Swinging Strike 0-2: Strikes out looking
|
Top of the 8th over - 0 runs, 0 hits, 0 errors, 0 left on base; Chicago 7 - Detroit 3 |
BOTTOM OF THE 8TH |
Detroit Tigers batting - Pitching for Chicago White Sox : RHP Xenophon Valvis
|
Batting: RHB Jim Zucco
|
0-0: Called Strike 0-1: Called Strike 0-2: Ball 1-2: Fly out, F7 (Flyball, 78S, EV 79.4 MPH)
|
Pitching: RHP Ryan Columbo
|
|
Batting: LHB Morgan Black
|
0-0: Ball 1-0: Ball 2-0: SINGLE (Line Drive, 8LS, EV 102.5 MPH)
|
Batting: RHB Ryan Neal
|
0-0: Ball 1-0: Called Strike 1-1: Ball 2-1: Foul Ball, location: 2F 2-2: Foul Ball, location: 2F 2-2: Strikes out swinging
|
Batting: RHB Dave Reynolds
|
0-0: SINGLE (Groundball, 34S, EV 88.1 MPH) (infield hit) Morgan Black to second
|
Batting: RHB Greg Harman
|
0-0: Ball 1-0: Foul Ball, location: 2F 1-1: Ball 2-1: Foul Ball, location: 2F 2-2: Ball 3-2: Strikes out swinging
|
Bottom of the 8th over - 0 runs, 2 hits, 0 errors, 2 left on base; Chicago 7 - Detroit 3 |
TOP OF THE 9TH |
Chicago White Sox batting - Pitching for Detroit Tigers : RHP Constantino Chamisso
|
Pitching: LHP Bobby Jones
|
|
Batting: SHB Cesar Herrera
|
0-0: Called Strike 0-1: Ball 1-1: Ball 2-1: Swinging Strike 2-2: Foul Ball, location: 2F 2-2: Hit by Pitch
|
Batting: LHB Randy Rosenberry
|
0-0: Called Strike 0-1: Called Strike 0-2: Ball Wild Pitch! Cesar Herrera to second 1-2: Ball 2-2: Foul Ball, location: 2F 2-2: Foul Ball, location: 2F 2-2: Foul Ball, location: 2F 2-2: Ground out U3 (Groundball, 3, EV 86.2 MPH) Cesar Herrera to third
|
Batting: RHB Joseph Disepolo
|
0-0: Ball 1-0: Ball 2-0: Ball 3-0: Base on Balls
|
Batting: SHB Junzo Kato
|
0-0: Fielders Choice at 2nd, 2-4 (Groundball, 2L, EV 68.8 MPH)
|
Batting: RHB Chris Cooper
|
0-0: Ground out 1-3 (Groundball, 13, EV 78.1 MPH)
|
Top of the 9th over - 0 runs, 0 hits, 0 errors, 2 left on base; Chicago 7 - Detroit 3 |
BOTTOM OF THE 9TH |
Detroit Tigers batting - Pitching for Chicago White Sox : RHP Ryan Columbo
|
Pitching: LHP Rhett Beers
|
|
Batting: LHB Emmanuel Gaskin
|
0-0: Fly out, F9 (Flyball, 9LD, EV 88.1 MPH)
|
Batting: LHB Tyler Davis
|
0-0: Ground out U3 (Groundball, 34, EV 90.6 MPH)
|
Batting: RHB Adrian Novakovic
|
0-0: SINGLE (Flyball, 5D, EV 81.2 MPH)
|
Batting: RHB Victor Quinones
|
0-0: Foul Ball, location: 2F 0-1: Ball 1-1: Ball 2-1: SINGLE (Groundball, 4M, EV 100.6 MPH) (infield hit) Adrian Novakovic to second
|
Pitching: RHP Zach Ault
|
|
Batting: RHB Jim Zucco
|
0-0: Called Strike 0-1: Called Strike 0-2: Foul Ball, location: 2F 0-2: Strikes out swinging
|
Bottom of the 9th over - 0 runs, 2 hits, 0 errors, 2 left on base; Chicago 7 - Detroit 3 |
|